 Dungeon Crawl Stone Soup version 0.32-a0-596-g69a5a37 (webtiles) character file.

Game seed: 13423056871813254346

116280 smazza the Brawler (level 16, -4/216 HPs)
             Began as a Red Draconian Shapeshifter on Mar 1, 2024.
             Was a High Priest of Okawaru.
             Slain by a swamp worm (9 damage)
             ... on level 3 of the Swamp on Mar 2, 2024.
             The game lasted 02:36:01 (32299 turns).

smazza the Brawler (Red Draconian Shapeshifter)    Turns: 32299, Time: 02:36:02

Health: -4/216     AC: 18    Str: 25    XL:     16   Next: 20%
Magic:  20/21      EV: 19    Int: 17    God:    Okawaru [*****.]
Gold:   2405       SH:  5    Dex: 12    Spells: 13/21 levels left

rFire   + +          .
                       - Unarmed
rCold   . . .        (no shield)
rNeg    . . .        (body armour unavailable)
rPois   .            K - +3 crown of Dyrovepreva {rElec Int+2 SInv}
rElec   +            E - +1 cloak
rCorr   .            b - +0 pair of gloves
SInv    +            P - +2 pair of boots {rampage}
Will    +....        U - amulet of reflection Stlth
                     L - +6 ring of strength
HPRegen 0.56/turn    m - ring of protection from fire
MPRegen 0.17/turn

%: reflection, rampage
@: mighty, berserking, lethally poisoned (-4 -> -16), maw-form, heroic, studying
Unarmed Combat, very quick
A: devouring maw, combustion breath, AC +9, unfitting armour, fire resistance 1,
cold-blooded
a: Combustion Breath, Begin Untransformation, Renounce Religion, Heroism,
Finesse, Duel


You were on level 3 of the Swamp.
You worshipped Okawaru.
Okawaru was extremely pleased with you.
You were a creature with a mouth for a stomach.
You visited 5 branches of the dungeon, and saw 26 of its levels.
You also visited: Gauntlet.

You collected 4924 gold pieces.
You spent 2519 gold pieces at shops.

Inventory:

Missiles
 k - 6 curare-tipped darts
 l - 17 boomerangs (quivered)
 q - 4 throwing nets
 G - 3 darts of dispersal
 N - 11 javelins
 R - 5 atropa-tipped darts
 W - 6 silver javelins
Armour
 b - a +0 pair of gloves (worn)
 E - a +1 cloak (worn)
 K - the +3 crown of Dyrovepreva (worn) {rElec Int+2 SInv}
   (Okawaru gifted it to you on level 1 of the Orcish Mines)

   Int+2:     It affects your intelligence (+2).
   rElec:     It insulates you from electricity.
   SInv:      It lets you see invisible.
 P - a +2 pair of boots of rampaging (worn)
 Z - a +2 hat
Jewellery
 m - a ring of protection from fire (right hand)
 A - a ring of magical power
 L - a +6 ring of strength (left hand)
 M - an amulet of the acrobat
 O - a ring of fire
 U - an amulet of reflection (around neck)
 Y - the ring of Omnedun {Wiz *Corrode rC++}
   (You found it on level 12 of the Dungeon)

   [ring of wizardry]

   Wiz:       It improves your spell success rate.
   rC++:      It greatly protects you from cold.
   *Corrode:  It may corrode you when you take damage.
Talismans
 f - a blade talisman
 r - a maw talisman (active)
Wands
 o - a wand of polymorph (34)
 t - a wand of warping (13)
 w - a wand of digging (13)
 y - a wand of flame (80)
 z - a wand of mindburst (22)
 D - a wand of light (17)
Scrolls
 c - a scroll of enchant armour
 g - 2 scrolls of poison
 h - 7 scrolls of amnesia
 i - 2 scrolls of vulnerability
 p - 6 scrolls of fog
 s - 2 scrolls of fear
 x - 11 scrolls of identify
 H - 5 scrolls of enchant weapon
 I - a scroll of brand weapon
 J - 4 scrolls of blinking
 Q - 5 scrolls of teleportation
 T - 3 scrolls of immolation
 X - 4 scrolls of revelation
Potions
 a - a potion of attraction
 d - 5 potions of heal wounds
 e - 4 potions of enlightenment
 j - a potion of brilliance
 n - a potion of mutation
 u - a potion of lignification
 v - a potion of berserk rage
 C - 4 potions of might
 F - a potion of ambrosia
 S - a potion of resistance
 V - 8 potions of curing


   Skills:
 + Level 13.3(18.3) Fighting
 + Level 6.2(11.2) Throwing
 + Level 10.9(15.9) Dodging
 - Level 5.0(10.0) Stealth
 + Level 18.2(23.2) Unarmed Combat
 - Level 3.3 Spellcasting
 + Level 5.8 Fire Magic
 + Level 4.4 Alchemy
 + Level 7.8 Invocations
 + Level 14.1 Shapeshifting


You had 13 spell levels left.
You knew the following spells:

 Your Spells              Type           Power      Damage    Failure   Level
a - Sticky Flame          Fire/Alch      20%        2d6       21%         4
b - Ignite Poison         Fire/Alch      20%        N/A       21%         4

Your spell library contained the following spells:

 Spells                   Type           Power      Damage    Failure   Level
 Inner Flame              Hex/Fire       12%        N/A       16%         3
 Sandblast                Erth           4%         2d4       17%         1
 Lesser Beckoning         Tloc           4%         N/A       26%         2
 Frozen Ramparts          Ice            4%         1d1       45%         3
 Gell's Gravitas          Tloc           2%         N/A       45%         3
 Passwall                 Erth           2%         N/A       45%         3
 Stone Arrow              Conj/Erth      4%         3d7       45%         3
 Teleport Other           Tloc           2%         N/A       45%         3
 Flame Wave               Conj/Fire      12%        2d6       45%         4
 Leda's Liquefaction      Alch/Erth      5%         N/A       56%         4
 Petrify                  Alch/Erth      10%        N/A       56%         4
 Brom's Barrelling Bould  Conj/Erth      2%         2d3       86%         4
 Passage of Golubria      Tloc           2%         N/A       86%         4
 Vhi's Electric Charge    Tloc/Air       4%         N/A       86%         4
 Arcjolt                  Conj/Air       1%         1d11      99%         5
 Metabolic Englaciation   Hex/Ice        1%         N/A       99%         5
 Silence                  Hex/Air        1%         N/A       99%         5
 Dispersal                Tloc           1%         N/A       100%        6
 Plasma Beam              Fire/Air       6%         2x1d16    100%        6
 Ignition                 Fire           11%        3d5       100%        8
 Lehudib's Crystal Spear  Conj/Erth      1%         10d2      100%        8
 Animate Armour           Summ/Erth      Unusable   N/A       N/A         4

Dungeon Overview and Level Annotations

Branches:
Dungeon (15/15)            Temple (1/1) D:5            Lair (5/5) D:10
  Swamp (3/4) Lair:3        Snake (0/4) Lair:2        Slime (0/5) Lair:5
    Orc (2/2) D:9             Elf (0/3) Orc:2        Vaults (0/5) D:14
 Depths (0/4) D:15        Gauntlet (visited)

Altars:
Ashenzari
Cheibriados
Dithmenos
Elyvilon
Fedhas
Gozag
Hepliaklqana
Kikubaaqudgha
Makhleb
Nemelex Xobeh
Okawaru
Qazlal
Ru
Sif Muna
Trog
Uskayaw
Vehumet
Wu Jian
Xom
Yredelemnul
Zin
The Shining One
Beogh
Jiyva

Shops:
D:8 (   D:14 [   D:15 *   Orc:2 ?![=

Portals:
Trove: D:11 (give 6 scrolls of fear)

Annotations:
D:4 2 runed translucent doors, Crazy Yiuf; NobodyHome's ghost, amateur CoGl
D:14 Roxanne


Innate Abilities, Weirdness & Mutations

You are a creature with a mouth for a stomach.
Your midsection houses a second, enormous mouth.
You can breathe blasts of explosive embers.
Your fiery red scales are hard. (AC +9)
You cannot fit into any form of body armour.
Your flesh is heat resistant. (rF+)
You are cold-blooded and may be slowed by cold attacks.


Message History

The fenstrider witch kicks you.
The spriggan druid splashes around in the water.
Your unstable footing causes you to fumble your attack.
The fenstrider witch hits you.
* * * LOW HITPOINT WARNING * * *
The fenstrider witch barely misses you.
A swamp worm comes into view.
A red film seems to cover your vision as you go berserk!
You feel yourself moving faster!
You feel mighty!
You feel roots moving beneath the ground.
The spriggan druid misses you.
The fenstrider witch points at you and mumbles some strange words.
You suddenly lose the ability to move!
The swamp worm fires a harpoon shot at you.
The harpoon shot hits you but does no damage.
The fenstrider witch gestures at you while chanting.
The toxic sludge hits you!!
You are poisoned.
* * * LOW HITPOINT WARNING * * *
Splash!
You fall into the toxic bog.
Moving in this stuff is going to be slow.
The spriggan druid hits you with a +0 quarterstaff!
* * * LOW HITPOINT WARNING * * *
The swamp worm fires a harpoon shot at you.
The harpoon shot hits you!
* * * LOW HITPOINT WARNING * * *
You are yanked forward by the harpoon shot.
* * * LOW HITPOINT WARNING * * *
You feel very sick. A root smacks you from below!
* * * LOW HITPOINT WARNING * * *
The swamp worm bites you but does no damage.
You can move again.
You closely miss the swamp worm. You punch the swamp worm.
You bite the swamp worm!!
The swamp worm is severely wounded.
* * * LOW HITPOINT WARNING * * *
You feel sick. The swamp worm bites you!
You die...

....~§~..♣ ♣.♣.
~~~.~~~~.♣ ♣♣.~♣♣♣
~...~~~~.♣♣♣.[.~~♣♣
..♣..~~~~..♣...~~~~♣♣
~~~...~~~~...~~~..~~♣♣♣♣♣
.~...§~~~~^~~~~~~~.......
♣♣~.~~~~~~~~~~~§§...:.~~.
~~..~§~~.w.~§~~~...>..~~~
~.~~...wW♣~......)♣~....~
~.♣~~~~~H♣♣♣♣♣♣~♣♣)...§.~
~...~~~i.♣ ♣♣♣.~~~..~~
...~~~§~.♣ ♣♣~~.~~~.~~~
♣~.~~§~~..♣ ♣..~..~.♣♣..
♣♣..~....~♣ ♣.~..~~~.♣♣♣
♣.~~~~~..~♣ ♣♣♣♣~~♣..♣
~.~~~~~~§.♣ ♣.....~♣~♣ ♣
..~~~...§.♣ ♣.≈≈≈≈...≈≈≈


You could see a fenstrider witch, a spriggan druid and 2 swamp worms.

Vanquished Creatures
  2 thorn hunters
  A fenstrider witch (Swamp:3)
  3 eleionomae
  2 bunyips (Swamp:2)
  Snorg (D:12)
  An ettin (Orc:1)
  6 hydras
  2 alligators
  6 centaur warriors
  4 ghost crabs
  3 ogre magi
  2 boulder beetles
  A tengu warrior (D:13)
  A hell hog (Lair:5)
  A two-headed ogre (Orc:1)
  An occultist (D:15)
  Sonja (Lair:5)
  Amaemon (Lair:2)
  Nergalle (D:11)
  A skyshark (Lair:4)
  2 spark wasp zombies (D:15)
  2 spriggan druids
  A storm dragon skeleton (D:15)
  14 skeletal warriors
  A flayed ghost (D:15)
  3 bog bodies
  2 goliath frogs (Swamp:1)
  3 swamp dragons
  An orc knight (D:15)
  A lindwurm (Lair:4)
  A deep elf pyromancer (D:12)
  A necromancer (D:15)
  9 orc sorcerers
  A wolf spider (Lair:5)
  5 cyclopes
  2 will-o-the-wisps
  9 ugly things
  7 manticores
  A salamander (Lair:2)
  Maurice (D:10)
  10 elephants (Lair:5)
  A guardian serpent (Lair:5)
  A kobold blastminer (Orc:1)
  5 black mambas
  5 orange demons
  An unseen horror (D:12)
  An unseen horror (shapeshifter) (D:12)
  2 torpor snails (Lair:5)
  2 gargoyles
  8 komodo dragons
  15 cane toads
  An efreet (D:13)
  2 rime drakes
  A freezing wraith (D:12)
  A bloated husk (Swamp:2)
  19 polar bears
  2 trolls
  6 hornets
  4 tyrant leeches
  9 blink frogs
  3 raiju (Lair:5)
  10 slime creatures
  A centaur simulacrum (D:15)
  5 shadows
  Sigmund (D:6)
  6 spriggans
  15 wyverns
  2 vampires (D:12)
  3 steam dragons
  64 yaks
  8 wargs
  5 vampire mosquitoes
  9 basilisks
  3 redbacks (Lair:5)
  3 nagas (Lair:2)
  10 swamp worms
  4 acid dragons
  11 hell hounds (Lair:5)
  24 water moccasins
  2 swamp drakes
  17 orc warriors
  23 black bears
  2 ice beasts
  9 ogres
  20 wolves
  8 centaurs
  A boggart (D:12)
  A phantom (D:5)
  4 kobold brigands
  A gnoll sergeant (D:8)
  12 bullfrogs
  6 scorpions
  4 earth elementals
  5 wights
  4 killer bees
  5 howler monkeys
  An electric eel (D:15)
  2 bombardier beetles (D:5)
  A gnoll bouda (D:6)
  2 hounds
  15 orc priests
  2 jellies
  Ijyb (D:5)
  27 orc wizards
  3 sleepcaps
  An iguana (D:5)
  7 hell rats
  18 gnolls
  9 adders
  A shadow imp (D:6)
  2 white imps (D:6)
  4 dart slugs
  2 ribbon worms (D:3)
  64 orcs
  5 bats
  21 endoplasms
  4 giant cockroaches
  7 goblins
  7 hobgoblins
  9 quokkas
  6 ball pythons
  5 frilled lizards
  26 kobolds
  8 rats
  A spectral orc (D:7)
776 creatures vanquished.

Vanquished Creatures (others)
  A swamp dragon (Swamp:2)
  3 bloated husks
  A swamp worm (Swamp:2)
  2 orc wizards
  8 foxfires (Swamp:2)
15 creatures vanquished.

Grand Total: 791 creatures vanquished

Notes
Turn   | Place    | Note
-------+----------+-------------------------------------------
     0 | D:1      | smazza the Draconian Shapeshifter began the quest for the
                  | Orb.
     0 | D:1      | Reached XP level 1. HP: 16/16 MP: 1/1
   129 | D:1      | Reached XP level 2. HP: 23/23 MP: 2/2
   509 | D:1      | Reached XP level 3. HP: 28/28 MP: 3/3
  1350 | D:3      | Found a shadowy altar of Dithmenos.
  1360 | D:3      | Reached XP level 4. HP: 36/36 MP: 4/4
  1488 | D:3      | Reached skill level 4 in Unarmed Combat
  1684 | D:3      | Found a radiant altar of Vehumet.
  1792 | D:3      | Found a stormy altar of Qazlal.
  1868 | D:3      | Reached XP level 5. HP: 41/41 MP: 5/5
  2100 | D:3      | Found a shimmering blue altar of Sif Muna.
  2386 | D:4      | Noticed a black bear
  2407 | D:3      | Killed a black bear
  2559 | D:4      | Reached XP level 6. HP: 40/48 MP: 6/6
  2655 | D:4      | Reached skill level 5 in Unarmed Combat
  3191 | D:4      | Found a runed translucent door.
  3191 | D:4      | Noticed NobodyHome's ghost (amateur CoGl)
  3215 | D:4      | Found a glowing silver altar of Zin.
  3284 | D:4      | Found a runed translucent door.
  3285 | D:4      | Noticed Crazy Yiuf
  3379 | D:5      | Entered Level 5 of the Dungeon
  3391 | D:4      | Reached skill level 5 in Shapeshifting
  3607 | D:4      | Your scales start taking on a fiery red colour.
  3607 | D:4      | Reached XP level 7. HP: 45/55 MP: 7/7
  3607 | D:4      | Gained mutation: Your flesh is heat resistant. (rF+) [Red
                  | Draconian growth]
  3668 | D:5      | Noticed Ijyb
  3701 | D:5      | Killed Ijyb
  3772 | D:5      | Reached skill level 6 in Unarmed Combat
  3851 | D:5      | Found a snail-covered altar of Cheibriados.
  3932 | D:5      | Found an ancient bone altar of Kikubaaqudgha.
  4276 | D:5      | Reached skill level 7 in Unarmed Combat
  4276 | D:5      | Reached XP level 8. HP: 58/61 MP: 8/8
  4506 | D:5      | Found a staircase to the Ecumenical Temple.
  4520 | Temple   | Entered the Ecumenical Temple
  4548 | Temple   | Became a worshipper of Warmaster Okawaru
  4988 | D:6      | Reached * piety under Okawaru
  4989 | D:6      | Reached skill level 8 in Unarmed Combat
  5125 | D:6      | Noticed Sigmund
  5306 | D:6      | Killed Sigmund
  5630 | D:7      | Reached XP level 9. HP: 63/67 MP: 9/9
  5819 | D:7      | Reached skill level 9 in Unarmed Combat
  5842 | D:7      | Found a hide-covered altar of Uskayaw.
  5889 | D:7      | Found a burning altar of Makhleb.
  5938 | D:7      | Found a hazy altar of Hepliaklqana.
  5941 | D:7      | Reached ** piety under Okawaru
  6557 | D:8      | Found Qygel's Antique Weapon Shoppe.
  6841 | D:8      | Found a basalt altar of Yredelemnul.
  7193 | D:7      | Reached skill level 10 in Unarmed Combat
  7347 | D:8      | Reached *** piety under Okawaru
  7360 | D:8      | Identified the +1 robe "Lamaschugu" {rC+++ Str-4 Slay-5
                  | Stlth+}
  8261 | D:8      | Reached XP level 10. HP: 61/74 MP: 10/10
  8346 | D:9      | Found a staircase to the Orcish Mines.
  8502 | D:9      | Reached skill level 10 in Shapeshifting
  8556 | D:9      | Identified 3 scrolls of acquirement
  8556 | D:9      | Acquired a manual of Unarmed Combat
  8558 | D:9      | Acquired a manual of Unarmed Combat
  8559 | D:9      | Acquired 1030 gold pieces
  9304 | D:10     | Entered Level 10 of the Dungeon
  9326 | D:10     | Reached **** piety under Okawaru
  9442 | D:10     | Reached skill level 11 in Unarmed Combat
  9638 | D:10     | Found an ornate altar of the Wu Jian Council.
  9970 | D:10     | Noticed Maurice
  9977 | D:10     | Maurice stole a flux talisman
  9986 | D:10     | Killed Maurice
 10027 | D:10     | Found a staircase to the Lair.
 10045 | D:10     | Reached skill level 5 in Fighting
 10427 | Lair:1   | Entered Level 1 of the Lair of Beasts
 10505 | Lair:1   | Found a gate leading to a gauntlet.
 10516 | Gauntlet | Entered a Gauntlet
 10516 | Gauntlet | Found a transporter.
 10519 | Gauntlet | Found a transporter.
 10520 | Gauntlet | Found a transporter.
 10520 | Gauntlet | Noticed a hell beast
 10521 | Gauntlet | Found a transporter.
 10521 | Gauntlet | Noticed a green death
 10521 | Gauntlet | Noticed an orange demon
 10524 | Gauntlet | Found a transporter.
 10524 | Gauntlet | Noticed an orange demon
 10525 | Gauntlet | Found a transporter.
 10527 | Gauntlet | Noticed a spectral centaur warrior
 10530 | Gauntlet | Noticed a thrashing horror
 10534 | Gauntlet | Noticed a death drake
 10538 | Gauntlet | Found a transporter.
 10562 | Gauntlet | Found a transporter.
 10564 | Gauntlet | Found a transporter.
 10566 | Gauntlet | Noticed an arcanist
 10567 | Gauntlet | Noticed an arcanist
 10575 | Gauntlet | Found a transporter.
 10676 | Lair:1   | Reached skill level 12 in Unarmed Combat
 10676 | Lair:1   | Reached XP level 11. HP: 88/88 MP: 11/11
 10702 | Lair:1   | Reached ***** piety under Okawaru
 10703 | Lair:1   | Reached skill level 5 in Dodging
 10884 | Lair:1   | Reached skill level 1 in Throwing
 11460 | Lair:1   | Received a gift from Okawaru
 11729 | Lair:2   | Noticed a six-headed hydra
 11829 | Lair:2   | Noticed Amaemon
 11873 | Lair:1   | Reached skill level 13 in Unarmed Combat
 11982 | Lair:1   | Killed a six-headed hydra
 12118 | Lair:2   | Noticed a boulder beetle
 12323 | Lair:1   | Killed a boulder beetle
 12323 | Lair:1   | Received a gift from Okawaru
 12324 | Lair:1   | HP: 2/87 [hell rat (5)]
 12891 | Lair:3   | Reached XP level 12. HP: 88/97 MP: 12/12
 12965 | Lair:3   | Found a staircase to the Swamp.
 13056 | Lair:3   | Found a radiant altar of Vehumet.
 13919 | Lair:4   | Received a gift from Okawaru
 14025 | Lair:4   | Reached skill level 14 in Unarmed Combat
 14429 | Lair:4   | Noticed a four-headed hydra
 14438 | Lair:4   | Killed a four-headed hydra
 15021 | Lair:5   | Entered Level 5 of the Lair of Beasts
 15021 | Lair:5   | Noticed a five-headed hydra
 15474 | Orc:1    | Entered Level 1 of the Orcish Mines
 15492 | Orc:1    | Noticed a two-headed ogre
 15505 | Orc:1    | Killed a two-headed ogre
 15645 | Orc:2    | Entered Level 2 of the Orcish Mines
 15719 | Orc:2    | Paralysed by an orc sorcerer for 3 turns
 15773 | Orc:2    | Reached ****** piety under Okawaru
 15789 | Orc:1    | Acquired the +3 crown of Dyrovepreva {rElec Int+2 SInv}
 15789 | Orc:1    | Received a gift from Okawaru
 15789 | Orc:1    | Found the +3 crown of Dyrovepreva {rElec Int+2 SInv}
 16166 | Orc:1    | Noticed an ettin
 16186 | Orc:1    | Killed an ettin
 16187 | Orc:1    | Reached skill level 1 in Invocations
 16519 | Orc:2    | Found a staircase to the Elven Halls.
 16593 | Orc:2    | Reached skill level 15 in Unarmed Combat
 16727 | Orc:2    | Received a gift from Okawaru
 17130 | Orc:2    | Found Eroi's Magic Scroll Shoppe.
 17145 | Orc:2    | Bought a scroll of identify for 34 gold pieces
 17145 | Orc:2    | Bought a scroll of teleportation for 51 gold pieces
 17145 | Orc:2    | Bought a scroll of fear for 68 gold pieces
 17159 | Orc:2    | Found an ancient bone altar of Kikubaaqudgha.
 17166 | Orc:2    | Paralysed by an orc sorcerer for 2 turns
 17319 | Orc:2    | Found Qigusipn's Jewellery Emporium.
 17326 | Orc:2    | Bought a maw talisman for 480 gold pieces
 17326 | Orc:2    | Bought a +6 ring of strength for 576 gold pieces
 17326 | Orc:2    | Bought an amulet of the acrobat for 480 gold pieces
 17338 | Orc:2    | Reached XP level 13. HP: 110/113 MP: 15/15
 17362 | Orc:2    | Found a radiant altar of Vehumet.
 17383 | Orc:2    | Paralysed by an orc sorcerer for 5 turns
 17384 | Orc:2    | Reached skill level 10 in Fighting
 17473 | Orc:2    | Paralysed by an orc sorcerer for 5 turns
 17933 | Orc:2    | Received a gift from Okawaru
 17976 | Orc:2    | Found a roughly hewn altar of Beogh.
 17981 | Orc:2    | Found Usynugut's Antique Armour Shoppe.
 18017 | Orc:2    | Paralysed by an orc sorcerer for 5 turns
 18032 | Orc:2    | Found Mamar Otala's Distillery.
 18042 | Orc:2    | Bought a potion of might for 52 gold pieces
 18042 | Orc:2    | Bought a potion of curing for 39 gold pieces
 18042 | Orc:2    | Bought a potion of might for 52 gold pieces
 18042 | Orc:2    | Bought a potion of heal wounds for 65 gold pieces
 18042 | Orc:2    | Bought a potion of heal wounds for 65 gold pieces
 18051 | Orc:2    | Bought a pair of glowing boots for 285 gold pieces
 18104 | Orc:2    | Upgraded the game from 0.32-a0-576-g706899e to
                  | 0.32-a0-586-gd5c3ca0
 18104 | Orc:2    | Upgraded the game from 0.32-a0-586-gd5c3ca0 to
                  | 0.32-a0-589-g2d1f746
 18792 | Lair:5   | Received a gift from Okawaru
 18981 | Lair:5   | Reached skill level 1 in Stealth
 19062 | Lair:5   | Noticed Sonja
 19074 | Lair:5   | Killed Sonja
 19151 | Lair:5   | Reached skill level 16 in Unarmed Combat
 19232 | Lair:5   | Reached skill level 5 in Invocations
 19265 | Lair:5   | Identified the +0 ring mail of Summer {+Inv rC+}
 19313 | Lair:5   | Received a gift from Okawaru
 19547 | Lair:5   | Reached XP level 14. HP: 80/124 MP: 18/18
 20049 | Lair:5   | Received a gift from Okawaru
 20077 | Lair:5   | Found a viscous altar of Jiyva.
 20121 | Lair:5   | Found a staircase to the Slime Pits.
 20720 | Lair:5   | Reached skill level 5 in Throwing
 21383 | Lair:2   | Received a gift from Okawaru
 21407 | Lair:2   | Found a staircase to the Snake Pit.
 21487 | Lair:2   | Acquired 1046 gold pieces
 21519 | Lair:2   | Killed Amaemon
 21846 | Lair:2   | Upgraded the game from 0.32-a0-589-g2d1f746 to
                  | 0.32-a0-592-g97116cf
 22562 | D:11     | Found a portal to a secret trove of treasure.
 22825 | D:12     | Noticed Nergalle
 22909 | D:11     | Killed Nergalle
 23061 | D:12     | Reached skill level 17 in Unarmed Combat
 23082 | D:11     | HP: 2/126 [skeletal warrior/+0 long sword (16)]
 23736 | D:12     | Noticed Snorg
 23745 | D:12     | Killed Snorg
 23941 | D:12     | Reached skill level 1 in Fire Magic
 24010 | D:12     | Received a gift from Okawaru
 24364 | D:12     | Identified the ring of Omnedun {Wiz *Corrode rC++}
 24438 | D:12     | Reached skill level 1 in Spellcasting
 24552 | D:12     | Reached skill level 5 in Stealth
 24552 | D:12     | Reached XP level 15. HP: 133/133 MP: 20/20
 24604 | D:12     | Noticed a tengu reaver
 25024 | D:13     | Reached skill level 10 in Dodging
 25327 | D:13     | Upgraded the game from 0.32-a0-592-g97116cf to
                  | 0.32-a0-596-g69a5a37
 25476 | D:13     | Received a gift from Okawaru
 26187 | D:14     | Reached skill level 1 in Alchemy
 26614 | D:14     | Noticed Roxanne
 26888 | D:14     | Found a gate to the Vaults.
 27213 | D:14     | Found Zeegur's Antique Armour Shoppe.
 27217 | D:14     | Bought a glowing hat for 245 gold pieces
 27490 | D:14     | Learned a level 4 spell: Sticky Flame
 27495 | D:14     | Learned a level 4 spell: Ignite Poison
 27767 | D:15     | Entered Level 15 of the Dungeon
 27875 | D:15     | Received a gift from Okawaru
 28426 | D:15     | Found a staircase to the Depths.
 28601 | D:15     | Found Heabeog's Assorted Antiques.
 28611 | D:15     | Bought a pink potion for 27 gold pieces
 29828 | Swamp:1  | Entered Level 1 of the Swamp
 29998 | Swamp:1  | Received a gift from Okawaru
 30199 | Swamp:1  | Reached skill level 5 in Fire Magic
 30608 | Swamp:1  | Reached skill level 18 in Unarmed Combat
 30877 | Swamp:2  | HP: 6/132 [poisoned by a swamp dragon (poison gas)]
 31123 | Swamp:2  | Noticed a thorn hunter
 31134 | Swamp:1  | Killed a thorn hunter
 31383 | Swamp:2  | Reached XP level 16. HP: 111/143 MP: 21/21
 31495 | Swamp:2  | Received a gift from Okawaru
 31852 | Swamp:2  | Found a white marble altar of Elyvilon.
 32212 | Swamp:3  | Noticed a thorn hunter
 32219 | Swamp:3  | Killed a thorn hunter
 32296 | Swamp:3  | Paralysed by a fenstrider witch for 3 turns
 32298 | Swamp:3  | HP: 6/216 [spriggan druid/angry trees (9)]
 32299 | Swamp:3  | Slain by a swamp worm

Illustrated notes

Levels and vault maps discovered:
D:1:      erik_arrival_triangle_large, layout_loops_ring, nicolae_titane
D:2:      layout_rooms, kennysheep_small_spiral
D:3:      layout_loops_ring, vehumet_altar_wand_db, lemuel_blue_sif_altar,
          mainiacjoe_overflow_small_starburst, lemuel_tele_altar
D:4:      layout_cave_pools, zin_statuary, gammafunk_ghost_grave,
          uniq_crazy_yiuf_cottage
D:5:      layout_basic, nicolae_overflow_crystal_walls, kiku_gazebo_pond_becter,
          minmay_temple_entry_fiery, uniq_ijyb
D:6:      layout_loops_cross, portal_sewer_entry_e, uniq_sigmund
D:7:      layout_basic, lightli_temple_of_fire, nicolae_uskayaw_dance_studio,
          nicolae_hepliaklqana_monster_ancestors
D:8:      layout_layer_cave, mainiacjoe_overflow_cross_hatched, enter_bailey_3,
          serial_shops, nicolae_shop_statue_plus, nicolae_sextant
D:9:      layout_rooms, david_orc_3
D:10:     layout_basic, marbit_many_paths, david_lair_shrubbed, uniq_maurice
D:11:     layout_stronghold, nicolae_trove_entry_crossroad
D:12:     minmay_two_paths, layout_layer_cave, uniq_nergalle, uniq_snorg
D:13:     layout_irregular_city
D:14:     minmay_stone_box, layout_stronghold,
          hellmonk_vaults_attempted_burglary, serial_shops,
          nicolae_shop_back_alley_shop, uniq_roxanne
D:15:     gammafunk_depths_entry_grave, layout_basic, serial_curves,
          eino_curves_03, eino_curves_03, serial_shops, shop
Temple:   cyrus_temple_forest
Lair:1:   layout_regular_city, gauntlet_entry_generic, st_stairs_6,
          beast_lair_carwin_2
Lair:2:   beast_lair_carwin_large_4, layout_long_grid,
          alex1729_snake_entry_snake, uniq_amaemon
Lair:3:   layout_regular_city, swamp_mist, basic_altar,
          infiniplex_staircase_pool_2
Lair:4:   layout_regular_city, serial_bayou_shore_b
Lair:5:   hangedman_lair_tendril_chambers, layout_loops_ring,
          hangedman_lair_caniforms_friends, nicolae_slime_entry_slimehenge,
          nicolae_lair_lil_pond, uniq_sonja
Swamp:1:  layout_basic_swamp, evilmike_swamp_ruin_house_1, swamp_pool_3,
          statue_in_the_mist_lemuel, nicolae_swamp_some_circles
Swamp:2:  layout_basic_swamp, lemuel_altar_in_water
Swamp:3:  layout_basic_swamp, evilmike_swamp_ruin_house_2, swamp_pool_4,
          nicolae_swamp_nymph_family_reunion, nicolae_swamp_long_stream
Orc:1:    layout_caves
Orc:2:    kennysheep_orc_mage_school, layout_caves, einodemon_barbed_minivault

Skill      XL: |  1  2  3  4  5  6  7  8  9 10 11 12 13 14 15 16 |
---------------+-------------------------------------------------+-----
Dodging        | 2 4 6 8 9 10 | 10.9
Fighting       | 2 5 7 9 11 12 13 | 13.3
Unarmed Combat | 4 5 7 8 10 12 13 15 16 17 18 | 18.2
Shapeshifting  | 4 5 6 8 9 10 11 12 13 14 | 14.1
Throwing       | 2 4 5 6 |  6.2
Invocations    | 2 5 7 |  7.8
Stealth        | 2 5 |  5.0
Fire Magic     | 1 5 |  5.8
Spellcasting   | 1 3 |  3.3
Alchemy        | 3 4 |  4.4

Action                     |  1- 3 |  4- 6 |  7- 9 | 10-12 | 13-15 | 16-18 || total
---------------------------+-------+-------+-------+-------+-------+-------++-------
  Melee: Unarmed           |   100 |   177 |   386 |   823 |  1199 |    74 ||  2759
         Tailslap          |    11 |    19 |    68 |   150 |   217 |    13 ||   478
         Punch             |     1 |     5 |     7 |     1 |   145 |     9 ||   168
         Maw               |       |       |       |       |   409 |    20 ||   429
  Throw: Boomerang         |       |     6 |    12 |       |    40 |     3 ||    61
         Javelin           |       |       |       |       |     8 |       ||     8
   Cast: Ignite Poison     |       |       |       |       |     1 |       ||     1
 Invoke: Heroism           |       |       |       |     3 |    13 |     2 ||    18
         Receive Armour    |       |       |       |     1 |       |       ||     1
         Finesse           |       |       |       |       |     1 |       ||     1
Ability: Combustion Breath |       |       |     5 |     6 |     1 |       ||    12
  Evoke: Wand              |       |       |       |     2 |     3 |       ||     5
    Use: Scroll            |       |    11 |     9 |     9 |    10 |       ||    39
         Potion            |       |     1 |     5 |     7 |     6 |     2 ||    21
   Stab: Sleeping          |     2 |       |       |       |    13 |     2 ||    17
         Distracted        |       |     1 |       |       |     4 |       ||     5
 Armour: Skin              |    34 |   125 |   210 |   464 |   774 |    51 ||  1658
  Dodge: Dodged            |    41 |    78 |   218 |   773 |   758 |    40 ||  1908
  Block: Other             |       |       |       |       |   111 |     7 ||   118
         Reflection        |       |       |       |       |     5 |       ||     5
   Form: Flux              |       |       |     1 |     1 |       |       ||     2
         Beast             |       |       |       |     1 |       |       ||     1
         Maw               |       |       |       |       |     1 |       ||     1

Table legend: (Time is in decaauts)
 A = Elapsed time spent in this place.
 B = Non-inter-level travel time spent in this place.
 C = Inter-level travel time spent in this place.
 D = Time resting spent in this place.
 E = Time spent auto-exploring this place.
 F = Levels seen in this place.
 G = Mean time per level.
                   A        B        C        D        E       F      G
               +--------+--------+--------+--------+--------+-----+--------+
         Total |  31833 |  29490 |   2343 |   8448 |  14717 |  27 | 1179.0 |
       Dungeon |  18119 |  16650 |   1469 |   4291 |   9274 |  15 | 1207.9 |
        Temple |     50 |      6 |     44 |      0 |      0 |   1 |   50.0 |
          Lair |   8525 |   7812 |    713 |   2216 |   3661 |   5 | 1705.0 |
         Swamp |   2483 |   2423 |     60 |    984 |    992 |   3 |  827.7 |
  Orcish Mines |   2585 |   2530 |     55 |    956 |    789 |   2 | 1292.5 |
      Gauntlet |     67 |     67 |      0 |      0 |      0 |   1 |   67.0 |
               +--------+--------+--------+--------+--------+-----+--------+

Top non-repeatable levels by time:
  Lair:5: 2180 daAuts
  Lair:1: 2015 daAuts
  Lair:4: 1904 daAuts
    D:14: 1833 daAuts
   Orc:2: 1781 daAuts
     D:8: 1705 daAuts
    D:11: 1618 daAuts
    D:15: 1479 daAuts
    D:10: 1360 daAuts
    D:12: 1345 daAuts
  Lair:3: 1322 daAuts
     D:7: 1284 daAuts
    D:13: 1272 daAuts
 Swamp:1: 1267 daAuts
     D:3: 1228 daAuts
